cohdb
Replays
Latest Replays
All Replays
Popular Replays
Top Player Replays
Match Explorer
How It Works
Community
CoH3 Stats
Reddit
Sign in to upload your games and track your stats! →
Sign in with Steam
Match 44402124
Unlisted
Match 44402124
Overview
Messages
Build Orders
End
Scout Squad
Construct Barracks
1⁄4-ton 4x4 Truck
Riflemen Squad
Riflemen Squad
Selects Armored Battlegroup
Selects Veteran Crews
Grenade Package
Infantry Support Center
Engineer Squad
Construct Motor Pool
M8 Greyhound Armored Car
Selects Strength in Steel
Riflemen Squad
Construct Medical Station
ZyAcroQC
Nick
0
0
Comments
sign in to comment!
No comments posted yet!